 Dungeon Crawl Stone Soup version 0.20.2-3-g29329e0561 (webtiles) character file.

6204 Alfie the Carver (level 10, -11/88 HPs)
             Began as a Minotaur Fighter on Nov 19, 2020.
             Mangled by Gastronok (33 damage)
             ... on level 9 of the Dungeon on Nov 20, 2020.
             The game lasted 00:27:51 (7768 turns).

Alfie the Carver (Minotaur Fighter)                 Turns: 7768, Time: 00:27:51

Health: -11/88     AC: 10    Str: 25    XL:     10   Next: 61%
Magic:  9/9        EV: 11    Int:  5    God:
Gold:   466        SH: 12    Dex:  9    Spells: 6/9 levels left

rFire    . . .     SeeInvis .   a - +4 long sword
rCold    . . .     Gourm    .   c - +1 shield
rNeg     . . .     Faith    .   b - +1 scale mail
rPois    .         Spirit   .   (helmet restricted)
rElec    .         Reflect  .   p - +0 cloak
rCorr    .         Harm     .   (no gloves)
MR       .....                  (no boots)
Stlth    ..........             (no amulet)
Regen    0.3/turn               (no ring)
MPRegen  0.2/turn               (no ring)

@: slowed, very slow
A: retaliatory headbutt, horns 2
a: no special abilities


You were on level 9 of the Dungeon.
You were hungry.

You visited 1 branch of the dungeon, and saw 9 of its levels.

You collected 521 gold pieces.
You spent 55 gold pieces at shops.

Inventory:

Hand Weapons
 a - a +4 long sword (weapon)
Missiles
 j - 3 silver tomahawks (quivered)
Armour
 b - a +1 scale mail (worn)
 c - a +1 shield (worn)
 p - a +0 cloak (worn)
Jewellery
 e - an uncursed amulet of guardian spirit
 m - an uncursed ring of wizardry
 q - an uncursed amulet of guardian spirit
Wands
 s - a wand of polymorph (0/24)
 y - a wand of digging (9/24)
 z - a wand of lightning (7/15)
 A - a wand of flame (39/48)
Scrolls
 g - 8 scrolls of identify
 t - a scroll of fog
 u - 3 scrolls of remove curse
 w - 3 scrolls of teleportation
 B - 4 scrolls of blinking
Potions
 d - a potion of flight
 i - 4 potions of agility
 k - a potion of resistance
 l - 3 potions of brilliance
 n - a potion of ambrosia {unknown}
 r - 3 potions of curing
 x - a potion of cancellation
Comestibles
 f - 8 bread rations
 h - 10 royal jellies
 o - 5 fruits
 v - 4 meat rations


   Skills:
 + Level 8.1 Fighting
 + Level 11.7 Long Blades
 + Level 1.5 Throwing
 + Level 9.1 Armour
 + Level 5.3 Dodging
 + Level 1.1 Stealth
 + Level 8.7 Shields
 + Level 1.1 Evocations


You had 6 spell levels left.
You knew the following spells:

 Your Spells              Type           Power        Failure   Level  Hunger
a - Animate Skeleton      Necr           N/A          94%         1    ##.....
b - Confusing Touch       Hex            #.....       94%         1    ##.....
c - Sandblast             Erth           #.....       94%         1    ##.....


Dungeon Overview and Level Annotations

Branches:
Dungeon (9/15)             Temple (0/1) D:6
   Lair: D:8-11         Orc: D:9-12

Altars:
Dithmenos
Elyvilon
Gozag
Makhleb
Nemelex Xobeh
Sif Muna
Vehumet
The Shining One

Shops:
D:4 *

Annotations:
D:9 Gastronok


Innate Abilities, Weirdness & Mutations

You reflexively headbutt those who attack you in melee.
You have a pair of horns on your head.


Message History

Gastronok is lightly wounded.
You slash Gastronok!
Gastronok is lightly wounded.
Gastronok bites you!!
You slash Gastronok! You headbutt Gastronok.
Gastronok is moderately wounded.
You slash Gastronok!
Gastronok is moderately wounded.
Gastronok mumbles some strange words.
Your legs wobble like jelly.
You hit Gastronok.
Gastronok is moderately wounded.
Gastronok bites you!!
* * * LOW HITPOINT WARNING * * *
You hit Gastronok.
Gastronok is moderately wounded.
You slash Gastronok!
Gastronok is heavily wounded.
Gastronok bites you!!
You die...

.....(..#
###+#######.'.......#
###.##### ###.......#
##.# #####+### #..#
#.## ##+#### #.#
#.....# ##'#####
#.....# #......#
#..w..# #......#
#..@..#
#......#######.....#
#......#.....'.....#
#......'.#####.....+
#......### #.....#
######## #.....#
#######


You could see Gastronok.

Vanquished Creatures
  Maurice (D:9)
  Joseph (D:9)
  A hippogriff (D:9)
  3 yaks (D:9)
  Sigmund (D:2)
  A wyvern (D:8)
  A water moccasin (D:7)
  3 orc warriors
  2 black bears
  A sky beast (D:6)
  4 ice beasts
  3 ogres
  3 phantoms
  3 centaurs
  A big kobold (D:8)
  5 bullfrogs
  2 scorpions (D:4)
  5 killer bees (D:8)
  9 wights
  A howler monkey (D:6)
  3 crimson imps
  A quasit (D:9)
  Crazy Yiuf (D:6)
  6 jellies
  A centaur zombie (D:5)
  5 hounds
  11 orc wizards
  A bullfrog skeleton (D:6)
  4 orc priests
  3 centaur skeletons
  2 iguanas
  6 worker ants
  Robin (D:3)
  3 hound skeletons
  2 worker ant zombies
  15 adders
  5 gnolls
  4 shadow imps
  3 adder zombies
  3 worms
  A dart slug (D:4)
  4 leopard geckos
  34 orcs
  7 giant cockroaches
  15 goblins
  11 hobgoblins
  6 jackals (D:3)
  8 kobolds
  5 quokkas
  2 ball pythons
  6 bats
  4 frilled lizards
  A giant cockroach zombie (D:3)
  12 rats
247 creatures vanquished.

Notes
Turn   | Place    | Note
-------+----------+-------------------------------------------
     0 | D:1      | Alfie the Minotaur Fighter began the quest for the Orb.
     0 | D:1      | Reached XP level 1. HP: 19/19 MP: 0/0
   217 | D:1      | Reached XP level 2. HP: 27/27 MP: 1/1
   366 | D:1      | Reached skill level 3 in Long Blades
   410 | D:1      | Reached XP level 3. HP: 33/33 MP: 2/2
   779 | D:2      | Reached skill level 1 in Dodging
   874 | D:2      | Reached XP level 4. HP: 34/40 MP: 3/3
  1007 | D:2      | Found a white marble altar of Elyvilon.
  1109 | D:2      | Noticed Sigmund
  1120 | D:2      | Killed Sigmund
  1120 | D:2      | Reached skill level 4 in Long Blades
  1120 | D:2      | Reached skill level 5 in Armour
  1120 | D:2      | Reached XP level 5. HP: 26/47 MP: 4/4
  1427 | D:3      | Noticed Robin
  1427 | D:3      | Reached XP level 6. HP: 53/53 MP: 5/5
  1439 | D:3      | Killed Robin
  1581 | D:3      | Found a radiant altar of Vehumet.
  1728 | D:3      | Reached skill level 5 in Long Blades
  2270 | D:4      | Reached skill level 5 in Shields
  2311 | D:4      | Reached XP level 7. HP: 5/60 MP: 6/6
  2541 | D:4      | Reached skill level 6 in Long Blades
  2847 | D:4      | Found Solereis's General Store.
  2903 | D:4      | Bought a meat ration for 55 gold pieces
  2976 | D:4      | Reached skill level 5 in Fighting
  3210 | D:5      | Entered Level 5 of the Dungeon
  3352 | D:5      | Reached skill level 7 in Long Blades
  3413 | D:5      | Reached XP level 8. HP: 17/68 MP: 7/7
  3449 | D:5      | Found an opulent altar of Gozag.
  3790 | D:5      | Reached skill level 1 in Throwing
  4050 | D:6      | Found a staircase to the Ecumenical Temple.
  4061 | D:6      | Reached skill level 8 in Long Blades
  4241 | D:6      | Found a runed door.
  4437 | D:6      | Found a glowing golden altar of the Shining One.
  4664 | D:6      | Found a shadowy altar of Dithmenos.
  4799 | D:6      | Reached skill level 9 in Long Blades
  4862 | D:6      | Found a deep blue altar of Sif Muna.
  4874 | D:6      | Reached XP level 9. HP: 45/75 MP: 8/8
  4876 | D:6      | Found a sparkling altar of Nemelex Xobeh.
  5216 | D:6      | Noticed Crazy Yiuf
  5225 | D:6      | Killed Crazy Yiuf
  5292 | D:7      | Reached skill level 1 in Stealth
  5561 | D:7      | Reached skill level 10 in Long Blades
  5984 | D:7      | Found a deep blue altar of Sif Muna.
  6552 | D:8      | Reached XP level 10. HP: 84/86 MP: 9/9
  6825 | D:8      | Reached skill level 11 in Long Blades
  6906 | D:8      | Found a white marble altar of Elyvilon.
  6975 | D:8      | Found a burning altar of Makhleb.
  6975 | D:8      | Noticed a cacodemon
  6978 | D:8      | Noticed a smoke demon
  6978 | D:8      | Noticed an orange demon
  7207 | D:9      | Noticed Maurice
  7415 | D:9      | Reached skill level 5 in Dodging
  7442 | D:9      | Learned a level 1 spell: Animate Skeleton
  7448 | D:9      | Learned a level 1 spell: Confusing Touch
  7454 | D:9      | Learned a level 1 spell: Sandblast
  7588 | D:9      | Killed Maurice
  7652 | D:9      | Reached skill level 1 in Evocations
  7671 | D:9      | Noticed Joseph
  7692 | D:9      | Killed Joseph
  7756 | D:9      | Noticed Gastronok
  7768 | D:9      | Mangled by Gastronok

Skill      XL: |  1  2  3  4  5  6  7  8  9 10 |
---------------+-------------------------------+-----
Armour         | 4 5 6 7 8 9 |  9.1
Long Blades    | 3 4 5 7 9 10 11 | 11.7
Fighting       | 4 5 6 7 8 |  8.1
Dodging        | 1 2 3 4 5 |  5.3
Shields        | 4 5 6 8 |  8.7
Throwing       | 1 |  1.5
Stealth        | 1 |  1.1
Evocations     | 1 |  1.1

Action                   |  1- 3 |  4- 6 |  7- 9 | 10-12 || total
-------------------------+-------+-------+-------+-------++-------
Melee: Long sword        |    97 |   132 |   370 |   136 ||   735
       Headbutt          |    11 |    26 |    75 |    22 ||   134
       Unarmed           |       |       |       |     4 ||     4
Throw: Tomahawk          |       |       |     6 |     6 ||    12
Evoke: Wand              |       |       |       |     9 ||     9
  Use: Scroll            |     5 |     6 |     9 |     7 ||    27
       Potion            |       |     5 |     2 |     2 ||     9
  Eat: Bread ration      |       |     1 |     2 |       ||     3
       Chunk             |       |       |     2 |       ||     2
       Meat ration       |       |       |     1 |       ||     1
       Royal jelly       |       |       |       |     1 ||     1
Armor: Scale mail        |    48 |    41 |    88 |    32 ||   209
       Skin              |       |       |       |     7 ||     7
Dodge: Dodged            |    27 |    44 |    98 |    33 ||   202
Block: Shield            |    46 |    75 |   152 |    70 ||   343
       Rpst.: Long sword |     4 |    10 |    33 |    10 ||    57
